 Dungeon Crawl Stone Soup version 0.28-a0-577-gb193047a1f (webtiles) character file.

Game seed: 12702406805386622853

859 pokeman the Thaumaturge (level 7, 0/40 HPs)
             Began as a Deep Elf Hedge Wizard on Oct 1, 2021.
             Was a Follower of Vehumet.
             Slain by an orc priest (9 damage)
             ... on level 5 of the Dungeon.
             The game lasted 00:13:29 (6084 turns).

pokeman the Thaumaturge (Deep Elf Hedge Wizard)     Turns: 6084, Time: 00:13:29

Health: 0/40       AC:  8    Str:  7    XL:     7   Next: 71%
Magic:  7/20       EV: 12    Int: 21    God:    Vehumet [*.....]
Gold:   248        SH:  0    Dex: 14    Spells: 10/22 levels left

rFire   . . .      SeeInvis .   v - staff of death
rCold   . . .      Faith    +   (no shield)
rNeg    + . .      Spirit   .   f - +0 leather armour
rPois   .          Reflect  .   t - +0 helmet
rElec   .          Harm     .   u - +0 cloak
rCorr   .          Rampage  .   (no gloves)
Will    .....                   g - +2 pair of boots
Stlth   ++........              q - amulet of faith
HPRegen 0.13/turn               (no ring)
MPRegen 0.17/turn               (no ring)

@: very slightly contaminated
A: no striking features
a: Renounce Religion


You were on level 5 of the Dungeon.
You worshipped Vehumet.
Vehumet was aware of your devotion.
You visited 1 branch of the dungeon, and saw 5 of its levels.

You collected 248 gold pieces.

Inventory:

Hand Weapons
 c - a +2 quarterstaff of chaos
 d - a +2 short sword of distortion
 y - a +0 hand crossbow
Missiles
 e - 38 bolts
 k - 2 throwing nets
 n - 18 arrows
Armour
 f - a +0 leather armour (worn)
 g - a +2 pair of boots (worn)
 t - a +0 helmet (worn)
 u - a +0 cloak (worn)
Magical Staves
 v - a staff of death (weapon)
Jewellery
 q - an amulet of faith (around neck)
Wands
 z - a wand of flame (10)
Scrolls
 a - 2 scrolls of identify {unknown}
 b - 3 scrolls of amnesia {unknown}
 j - a scroll of silence {unknown}
 m - a scroll of enchant armour {unknown}
 o - a scroll of summoning {unknown}
 r - a scroll of enchant weapon {unknown}
 s - a scroll of immolation {unknown}
 A - a scroll of noise {unknown}
Potions
 h - a potion of ambrosia {unknown}
 i - a potion of brilliance {unknown}
 l - a potion of lignification {unknown}
 p - 3 potions of curing {unknown}
 w - 2 potions of invisibility {unknown}
 x - a potion of might {unknown}
 B - a potion of cancellation {unknown}


   Skills:
 + Level 2.1 Fighting
 - Level 1.0 Armour
 - Level 3.1 Dodging
 - Level 3.0 Stealth
 * Level 8.4 Spellcasting
 + Level 4.2 Conjurations
 + Level 2.3 Summonings
 - Level 1.1 Necromancy
 - Level 1.1 Translocations
 - Level 2.0 Fire Magic
 - Level 1.0 Air Magic
 - Level 1.1 Poison Magic
 - Level 1.0 Evocations


You had 10 spell levels left.
You knew the following spells:

 Your Spells              Type           Power      Damage    Failure   Level
a - Magic Dart            Conj           100%       1d8       1%          1
b - Mephitic Cloud        Conj/Pois/Air  17%        N/A       14%         3
c - Call Imp              Summ           18%        N/A       6%          2
d - Blink                 Tloc           N/A        N/A       11%         2
e - Conjure Flame         Conj/Fire      21%        6-21      10%         3
f - Shock                 Conj/Air       76%        1d7       3%          1

Your spell library contained the following spells:

 Spells                   Type           Power      Damage    Failure   Level
 Searing Ray              Conj           52%        2d6       3%          2
 Freeze                   Ice            32%        1d5       11%         1
 Ensorcelled Hibernation  Hex/Ice        16%        N/A       17%         2
 Slow                     Hex            8%         N/A       17%         2
 Gell's Gravitas          Tloc           6%         N/A       22%         3
 Lesser Beckoning         Tloc           13%        N/A       22%         3
 Teleport Other           Tloc           13%        N/A       22%         3
 Spider Form              Tmut/Pois      5%         N/A       26%         3
 Frozen Ramparts          Ice            16%        1d3       32%         3
 Ozocubu's Armour         Ice            8%         N/A       32%         3
 Fulminant Prism          Conj/Hex       8%         3d7       43%         4
 Hailstorm                Conj/Ice       17%        3d6       43%         4
 Summon Ice Beast         Ice/Summ       13%        N/A       56%         4
 Ice Form                 Ice/Tmut       8%         N/A       73%         4
 Ozocubu's Refrigeration  Ice            4%         4d5       100%        7


Dungeon Overview and Level Annotations

Branches:
Dungeon (5/15)
 Temple: D:4-7

Altars:
Fedhas
Hepliaklqana
Nemelex Xobeh
Vehumet
The Shining One


Message History

Press: ? - help, Shift-Dir - straight line, f/p - orc priest
Aim: an orc priest, wielding a +0 flail and wearing a +0 ring mail (noxious fumes, 75% to hit)
The zap hits the orc priest.
The orc priest is severely wounded.
The zap misses the orc priest.
The orc priest is engulfed in noxious fumes.
Unknown command.
The orc priest closely misses you. The orc priest barely misses you.
Casting: Shock (safe; 3% risk of failure)
Confirm with . or Enter, or press ? or * to list all spells.
Aiming: Shock (safe; 3% risk of failure)
Press: ? - help, Shift-Dir - straight line, f/p - orc priest
Aim: an orc priest, wielding a +0 flail and wearing a +0 ring mail (lightly wounded, 75% to hit)
The zap misses the orc priest.
The zap hits the orc priest.
The orc priest is lightly wounded.
The orc priest barely misses you.
Casting: Shock (safe; 3% risk of failure)
Confirm with . or Enter, or press ? or * to list all spells.
Aiming: Mephitic Cloud (dangerous; 14% risk of failure)
Press: ? - help, Shift-Dir - straight line, f/p - orc priest
Aim: an orc priest, wielding a +0 flail and wearing a +0 ring mail (lightly wounded, chance to affect: 86%) That beam is likely to hit you.
Continue anyway?
You miscast Mephitic Cloud.
Nothing appears to happen.
The orc priest calls down the wrath of Beogh upon you.
Beogh smites you!
* * * LOW HITPOINT WARNING * * *
Casting: Mephitic Cloud (dangerous; 14% risk of failure)
Confirm with . or Enter, or press ? or * to list all spells.
Aiming: Mephitic Cloud (dangerous; 14% risk of failure)
Press: ? - help, Shift-Dir - straight line, f/p - orc priest
Aim: an orc priest, wielding a +0 flail and wearing a +0 ring mail (lightly wounded, chance to affect: 86%)
Okay, then.
Unknown command.
Casting: Mephitic Cloud (dangerous; 14% risk of failure)
Confirm with . or Enter, or press ? or * to list all spells.
You miscast Blink.
Nothing appears to happen.
The orc priest closely misses you.
The orc priest hits you with a +0 morningstar!
You die...

...........#...........#.........
.....####..##.####.##.####.....##
###### #..##.####.##.###########
#.....#.....#...........#
+.....+.....#...........#
#.....#.....#...........#
#####+##....#...........# ...
#...##...##......# ....
#@o.##...##......#
.....##oo.##...##......#
......'........#..###..#
.....##...........#.#... ####
##.........###.###.
#....##....#.....#.
#....##....###.#)#.
#............#.#...
#...[.....#..###.)#


You could see 2 orc priests and an orc.

Vanquished Creatures
  A black bear (D:2)
  2 necrophages (D:5)
  A kobold brigand (D:4)
  2 hounds (D:5)
  A jelly (D:5)
  Crazy Yiuf (D:4)
  An iguana (D:4)
  4 orc wizards (D:5)
  A hound skeleton (D:4)
  6 adders
  An ufetubus (D:4)
  2 worms (D:2)
  2 dart slugs
  5 orcs
  7 ball pythons
  5 endoplasms
  4 giant cockroaches
  4 goblins
  9 hobgoblins
  3 jackals
  3 quokkas
  5 bats
  4 frilled lizards
  10 kobolds
  3 rats
87 creatures vanquished.

Vanquished Creatures (collateral kills)
  Menkaure (D:4)
  An orc (D:3)
2 creatures vanquished.

Vanquished Creatures (others)
  6 demonic plants (D:2)
  4 fungi
  11 plants
  2 withered plants (D:2)
23 creatures vanquished.

Grand Total: 112 creatures vanquished

Notes
Turn   | Place    | Note
-------+----------+-------------------------------------------
     0 | D:1      | pokeman the Deep Elf Hedge Wizard began the quest for the
                  | Orb.
     0 | D:1      | Reached XP level 1. HP: 10/10 MP: 7/7
   165 | D:1      | Reached XP level 2. HP: 15/15 MP: 1/9
  1140 | D:1      | Reached skill level 5 in Spellcasting
  1273 | D:2      | Found a glowing golden altar of the Shining One.
  1284 | D:2      | Found a faded altar of an unknown god.
  1339 | D:2      | Noticed a black bear
  1547 | D:2      | Reached XP level 3. HP: 20/20 MP: 9/11
  1551 | D:2      | Learned a level 3 spell: Mephitic Cloud
  1554 | D:2      | Learned a level 2 spell: Call Imp
  1557 | D:2      | Learned a level 2 spell: Blink
  1561 | D:2      | Learned a level 3 spell: Conjure Flame
  1710 | D:2      | Reached skill level 1 in Armour
  1793 | D:2      | Reached skill level 1 in Fighting
  2076 | D:2      | Reached XP level 4. HP: 25/25 MP: 1/13
  2337 | D:2      | Killed a black bear
  2338 | D:2      | Reached skill level 6 in Spellcasting
  2338 | D:2      | Reached skill level 1 in Fire Magic
  2338 | D:2      | Reached XP level 5. HP: 23/29 MP: 10/15
  2631 | D:3      | Found a hazy altar of Hepliaklqana.
  3293 | D:3      | Found a radiant altar of Vehumet.
  3293 | D:3      | Found a sparkling altar of Nemelex Xobeh.
  3298 | D:3      | Became a worshipper of Vehumet
  4161 | D:4      | Found a runed translucent door.
  4162 | D:4      | Noticed Crazy Yiuf
  4183 | D:4      | Killed Crazy Yiuf
  4184 | D:4      | Reached skill level 1 in Air Magic
  4184 | D:4      | Reached XP level 6. HP: 34/34 MP: 9/17
  4553 | D:4      | Noticed Menkaure
  4567 | D:4      | Killed Menkaure
  4567 | D:4      | Reached * piety under Vehumet
  4567 | D:4      | Offered knowledge of Shock by Vehumet.
  4568 | D:4      | Reached skill level 7 in Spellcasting
  4568 | D:4      | Reached skill level 1 in Necromancy
  4568 | D:4      | Reached skill level 1 in Poison Magic
  4568 | D:4      | Reached skill level 1 in Evocations
  4570 | D:4      | Learned a level 1 spell: Shock
  5237 | D:5      | Entered Level 5 of the Dungeon
  5294 | D:5      | Reached XP level 7. HP: 38/38 MP: 15/20
  5405 | D:5      | Found a blossoming altar of Fedhas.
  5677 | D:5      | Reached skill level 8 in Spellcasting
  6084 | D:5      | Slain by an orc priest

Illustrated notes

Levels and vault maps discovered:
D:1:      dpeg_arrival_arbitrary_c, layout_loops_ring, minmay_unequal
D:2:      minmay_angry_zag, layout_basic, shapermc_ecumenical_altar_gd,
          basic_altar, minivault_26
D:3:      layout_loops_cross, gammafunk_temple_overflow_statue,
          mainiacjoe_overflow_boulevard, serial_bayou, serial_bayou_pond_a,
          serial_bayou_pond_a, serial_bayou_lake_a, serial_bayou_pond_e,
          serial_bayou_crossing, corexii_shack
D:4:      layout_loops_ring, lexackson_kobold_supper, uniq_crazy_yiuf_cottage,
          uniq_menkaure
D:5:      layout_gridville, lemuel_round_altar,
          minmay_a_box_with_orc_wizards_in_it

Skill      XL: |  1  2  3  4  5  6  7 |
---------------+----------------------+-----
Spellcasting   | 5 6 7 8 |  8.4
Armour         | 1 |  1.0
Fighting       | 1 2 |  2.1
Conjurations   | 2 3 4 |  4.2
Dodging        | 3 |  3.1
Fire Magic     | 1 2 |  2.0
Stealth        | 3 |  3.0
Air Magic      | 1 |  1.0
Necromancy     | 1 |  1.1
Poison Magic   | 1 |  1.1
Evocations     | 1 |  1.0
Summonings     | 2 |  2.3
Translocations | |  1.1

Action                   |  1- 3 |  4- 6 |  7- 9 || total
-------------------------+-------+-------+-------++-------
Melee: Dagger            |     7 |       |       ||     7
       Mace              |       |    21 |       ||    21
       Staff             |       |       |     1 ||     1
 Cast: Magic Dart        |   109 |    81 |    13 ||   203
       Conjure Flame     |       |     1 |     2 ||     3
       Call Imp          |       |     4 |       ||     4
       Mephitic Cloud    |       |     2 |     2 ||     4
       Shock             |       |    17 |    38 ||    55
Armor: Robe              |     3 |       |       ||     3
       Leather armour    |    11 |    18 |     7 ||    36
Dodge: Dodged            |    23 |    30 |    10 ||    63

Table legend: (Time is in decaauts)
 A = Elapsed time spent in this place.
 B = Non-inter-level travel time spent in this place.
 C = Inter-level travel time spent in this place.
 D = Time resting spent in this place.
 E = Time spent auto-exploring this place.
 F = Levels seen in this place.
 G = Mean time per level.
                   A        B        C        D        E       F      G
               +--------+--------+--------+--------+--------+-----+--------+
         Total |   6120 |   5972 |    148 |    265 |   4947 |   5 | 1224.0 |
       Dungeon |   6120 |   5972 |    148 |    265 |   4947 |   5 | 1224.0 |
               +--------+--------+--------+--------+--------+-----+--------+

Top non-repeatable levels by time:
     D:4: 1423 daAuts
     D:2: 1328 daAuts
     D:1: 1296 daAuts
     D:3: 1225 daAuts
     D:5: 847 daAuts
